 Dungeon Crawl Stone Soup version 0.28.0-49-g6dfe1f597d (webtiles) character file.

Game seed: 17692722549650702607

16 H0rd4k the Charlatan (level 2, -1/21 HPs)
             Began as a Human Artificer on May 18, 2022.
             Slain by Natasha (6 damage)
             ... on level 2 of the Dungeon.
             The game lasted 00:01:04 (1553 turns).

H0rd4k the Charlatan (Human Artificer)              Turns: 1553, Time: 00:01:05

Health: -1/21      AC:  3    Str:  9    XL:     2   Next: 75%
Magic:  2/2        EV: 11    Int: 11    God:
Gold:   51         SH:  0    Dex: 13    Spells: 1/1 levels left

rFire   + . .      SeeInvis .   k - +11 hand axe "Kal Onoc" {flame, rF+ rN+ rCorr Str-3}
rCold   . . .      Faith    .   (no shield)
rNeg    + . .      Spirit   .   b - +0 leather armour
rPois   .          Reflect  .   (no helmet)
rElec   .          Harm     .   (no cloak)
rCorr   +          Rampage  .   (no gloves)
Will    .....                   (no boots)
Stlth   +.........              (no amulet)
HPRegen 0.07/turn               (no ring)
MPRegen 0.08/turn               (no ring)

@: no status effects
A: no striking features
a: no special abilities


You were on level 2 of the Dungeon.
You visited 1 branch of the dungeon, and saw 2 of its levels.

You collected 51 gold pieces.

Inventory:

Hand Weapons
 a - a +0 club
 k - the +11 hand axe "Kal Onoc" (weapon) {flame, rF+ rN+ rCorr Str-3}
   (You found it on level 2 of the Dungeon)

   It burns those it strikes, dealing additional fire damage.
   Big, fiery blades are also staple armaments of hydra-hunters.
   Str:       It affects your strength (-3).
   rF:        It protects you from fire.
   rN:        It protects you from negative energy.
   rCorr:     It protects you from acid and corrosion.
Armour
 b - a +0 leather armour (worn)
Wands
 c - a wand of flame (15) (quivered)
 d - a wand of charming (15)
Scrolls
 f - a scroll of noise {unknown}
 l - a scroll of blinking {unknown}
 m - a scroll of identify {unknown}
Potions
 g - a potion of brilliance {unknown}
 h - a potion of cancellation {unknown}
 i - a potion of ambrosia {unknown}
 j - a potion of flight {unknown}
Miscellaneous
 e - a piece from Xom's chessboard (15/15)


   Skills:
 + Level 1.0 Fighting
 + Level 0.3 Maces & Flails
 + Level 2.5 Armour
 + Level 1.0 Dodging
 + Level 1.0 Stealth
 + Level 3.3 Evocations


You had one spell level left.
You didn't know any spells.
Your spell library was empty.

Dungeon Overview and Level Annotations

Branches:
Dungeon (2/15)

Altars:

Annotations:
D:2 Natasha


Message History

You resist with significant effort. The kobold barely misses you.
You slash the kobold! You burn the kobold.
You kill the kobold!
Found a stone staircase leading up.
Natasha casts a spell.
Natasha claws you but does no damage.
You hit Natasha but do no damage.
Natasha howls an incantation.
You feel troubled. Natasha closely misses you.
You hit Natasha. You burn Natasha.
Natasha is moderately wounded.
Natasha wildly gestures.
Natasha shimmers violently.
Natasha claws you.
You barely miss Natasha.
Natasha is moderately wounded.
Natasha claws you!
Natasha mumbles some strange words.
You barely miss Natasha.
Natasha is moderately wounded.
Natasha casts a spell at you. The magic dart hits you.
* * * LOW HITPOINT WARNING * * *
You barely miss Natasha.
Natasha is moderately wounded.
Natasha claws you.
* * * LOW HITPOINT WARNING * * *
You miss Natasha.
Natasha is moderately wounded.
Natasha casts a spell.
You closely miss Natasha.
Natasha is moderately wounded.
You hit the shadow imp. You burn the shadow imp. Natasha barely misses you.
The shadow imp gestures at you. Pain shoots through your body!
* * * LOW HITPOINT WARNING * * *
Natasha claws you.
You die...

.#.....# #..#
.#)....###########
.#...............#
.#......########.#
.#......# #..# #.#
........# #..# #.#
#...#...# #..# #.#
....##..# #..# #5#
.#......# #=.# #@#
.....#..###..###h#
..##........w..w5#
..# #...........##
.## ...........#
## #..........#
#..........#
#.#.#.....## #.#
#.....


You could see a worm, an iron imp (summoned), Natasha and a shadow imp
(summoned).

Vanquished Creatures
  A dart slug (D:1)
  A bat (D:1)
  3 hobgoblins
  2 ball pythons (D:1)
  A frilled lizard (D:1)
  4 goblins
  3 kobolds (D:2)
15 creatures vanquished.

Notes
Turn   | Place    | Note
-------+----------+-------------------------------------------
     0 | D:1      | H0rd4k the Human Artificer began the quest for the Orb.
     0 | D:1      | Reached XP level 1. HP: 15/15 MP: 1/1
   419 | D:1      | Reached XP level 2. HP: 21/21 MP: 2/2
  1215 | D:2      | Identified the +11 hand axe "Kal Onoc" {flame, rF+ rN+
                  | rCorr Str-3}
  1388 | D:2      | Found a faded altar of an unknown god.
  1541 | D:2      | Noticed Natasha
  1553 | D:2      | Slain by Natasha

Illustrated notes

Levels and vault maps discovered:
D:1:      giann_bridges, layout_loops_ring, serial_co_window_serial,
          co_window_corner_a, co_window_corner_a, co_window_corner_a,
          co_window_corner_a, co_window_paths_b, co_window_paths_c,
          co_window_corner_b, co_window_of_opportunity_b, co_window_corner_b,
          co_window_corner_b, co_window_unsneaky_path_d, co_window_4corner_a,
          glass_columns_a, glass_columns_c, glass_columns_b, glass_columns_a,
          glass_columns_b
D:2:      layout_rooms, serial_co_window_serial, co_window_corner_a,
          co_window_corner_a, co_window_paths_a, co_window_paths_a,
          co_window_corner_a, co_window_unsneaky_path_a, co_window_paths_c,
          co_window_of_opportunity_c, co_window_unsneaky_path_a,
          co_window_broadway_c, co_window_cross_3, co_window_broadway_a,
          glass_columns_c, glass_columns_c, glass_columns_a, glass_columns_b,
          glass_columns_a, ebering_ecumenical_altar_hall, uniq_natasha,
          uniq_sigmund

Action                   || total
-------------------------++-------
Melee: Club              ||    27
       Hand axe          ||    14
 Stab: Sleeping          ||     1
Armor: Leather armour    ||     8
Dodge: Dodged            ||    20
